 Dungeon Crawl Stone Soup version 0.14-a0-1330-g3eed206 (webtiles) character file.

286 PolkaDot the Cutter (level 5, -1/38 HPs)
             Began as a Vampire Death Knight on Dec 6, 2013.
             Was a Believer of Yredelemnul.
             Slain by a centaur (4 damage)
             ... on Level 3 of the Dungeon.
             The game lasted 00:07:54 (1424 turns).

PolkaDot the Cutter (Vampire Death Knight)          Turns: 1424, Time: 00:07:54

HP  -1/38        AC  5     Str 11 (12) XL: 5   Next: 16%
MP   4/6         EV 10     Int 12 (13) God: Yredelemnul [**....]
Gold 128         SH  0     Dex 14      Spells:  0 memorised,  4 levels left

rFire  + + .     SeeInvis +     a - +1 short sword
rCold  + . .     Clarity  .     b - +0 leather armour
rNeg   . . .     Conserve .     (no shield)
rPois  +         rCorr    .     (no helmet)
rElec  +         rRot     .     r - +0 cloak
SustAb . .       Spirit   .     i - +0 pair of orc gloves
rMut   .         Warding  .     (no boots)
Saprov . . .     Stasis   .     (no amulet)
                                (no ring)
                                h - ring of protection from magic {unknown}

@: regenerating quickly, quite resistant to hostile enchantments, unstealthy
A: fangs 3, see invisible, fire resistance 1, unbreathing
a: Animate Remains, Recall Undead Slaves, Injury Mirror, Renounce Religion


You were on level 3 of the Dungeon.
You worshipped Yredelemnul.
Yredelemnul was pleased with you.
You were very full.

You visited 1 branch of the dungeon, and saw 3 of its levels.

You collected 128 gold pieces.

Inventory:

Hand weapons
 a - a +1,+1 short sword (weapon)
Armour
 b - a +0 leather armour (worn)
 i - a +0 pair of orcish gloves (worn)
 r - a +0 cloak (worn)
Scrolls
 c - 2 scrolls of identify {unknown}
 d - 2 scrolls of noise {unknown}
 e - 2 scrolls of teleportation
 f - a scroll of blinking {unknown}
 g - a scroll of curse armour {unknown}
 k - a scroll of remove curse {unknown}
 p - a scroll of random uselessness {unknown}
 q - 2 scrolls of enchant weapon II {unknown}
Jewellery
 h - a ring of protection from magic (left hand) {unknown}
 m - an uncursed amulet of the gourmand {unknown}
 o - a cursed ring of teleportation {unknown}
Potions
 l - a potion of might
 s - a potion of lignification {unknown}
 t - a potion of agility {unknown}


   Skills:
 - Level 1.7 Fighting
 * Level 5.1 Short Blades
 + Level 2.2 Armour
 - Level 1.1 Dodging
 - Level 2.4 Invocations


You had 4 spell levels left.
You didn't know any spells.

Dungeon Overview and Level Annotations

Branches:
Dungeon (3/16)

Altars:


Innate Abilities, Weirdness & Mutations

Your natural rate of healing is unusually fast.
You have razor-sharp teeth.*
You have supernaturally acute eyesight.
You can survive without breathing.*
Your flesh is heat resistant.*+


Message History

You begin recalling your allies.
You feel slightly less full.
Your kobold zombie is recalled.
You finish recalling your allies.
The centaur hits you but does no damage.
Drink which item? (? for menu, Esc to quit)
You feel extremely strange.
Your body decomposes!
You feel weakened.
Your body decomposes!
You feel dopey.
You feel a sudden chill.
It was a potion of mutation.
The centaur hits you!
* * * LOW HITPOINT WARNING * * *
The centaur hits you!
* * * LOW HITPOINT WARNING * * *
Drink which item? (? for menu, Esc to quit)
You feel protected.
It was a potion of resistance.
The centaur hits you.
You die...
Yredelemnul claims you as an undead slave.

# . ....##.......
........##...........
.........##...........
...................####
.......#............#
##......#............#
.....................#
.......c.............####
........z@................
........(.#...............
........(.####............
........(...###...........
..........................
.....####............#####
.... #............# ...
#............#
###..........#


You could see a centaur and a friendly kobold zombie.

Vanquished Creatures
  Terence (D:2)
  7 adders (D:2)
  3 gnolls (D:2)
  A worm (D:2)
  A giant gecko (D:1)
  An ooze (D:1)
  A giant cockroach (D:2)
  8 hobgoblins
  7 bats
  4 giant newts
  8 goblins
  6 kobolds
  8 rats
56 creatures vanquished.

Vanquished Creatures (collateral kills)
  A gnoll (D:2)
1 creature vanquished.

Vanquished Creatures (others)
  An adder skeleton (D:2)
  A giant cockroach zombie (D:2)
2 creatures vanquished.

Grand Total: 59 creatures vanquished

Notes
Turn   | Place    | Note
--------------------------------------------------------------
     0 | D:1      | PolkaDot, the Vampire Death Knight, began the quest for the Orb.
     0 | D:1      | Reached XP level 1. HP: 16/16 MP: 1/1
   108 | D:1      | Reached skill level 1 in Armour
   109 | D:1      | Reached XP level 2. HP: 19/22 MP: 2/2
   147 | D:1      | Reached skill level 3 in Short Blades
   419 | D:2      | Reached XP level 3. HP: 23/27 MP: 4/4
   534 | D:2      | Acquired Yredelemnul's second power
   561 | D:2      | Noticed Terence
   584 | D:2      | Killed Terence
   586 | D:2      | Reached skill level 4 in Short Blades
   729 | D:2      | Reached XP level 4. HP: 29/33 MP: 5/5
   934 | D:2      | Reached skill level 5 in Short Blades
   934 | D:2      | Reached XP level 5. HP: 4/38 MP: 6/6
  1413 | D:3      | Noticed a centaur
  1423 | D:3      | Gained mutation: Your flesh is heat resistant. [potion of mutation]
  1424 | D:3      | Slain by a centaur

Action                   |  1- 3 |  4- 6 || total
-------------------------+-------+-------++-------
Melee: Short sword       |   116 |    77 ||   193
Invok: Animate Remains   |     3 |     6 ||     9
       Recall Undead Sla |       |     1 ||     1
  Use: Potion            |     2 |     3 ||     5
       Scroll            |     1 |       ||     1
